 Dungeon Crawl Stone Soup version 0.31-a0-358-gac0dbeb3ab (webtiles) character file.

Game seed: 10762182296193420573

189 Essalna the Gusty (level 5, -1/48 HPs)
             Began as a Tengu Air Elementalist on July 25, 2023.
             Shot with an arrow by a centaur (6 damage)
             ... on level 4 of the Dungeon.
             The game lasted 00:06:25 (3800 turns).

Essalna the Gusty (Tengu Air Elementalist)          Turns: 3800, Time: 00:06:26

Health: -1/48      AC: 22    Str:  8    XL:     5   Next: 68%
Magic:  6/9        EV:  2    Int: 17    God:
Gold:   178        SH:  0    Dex: 15    Spells: 2/8 levels left

rFire   . . .        (no weapon)
rCold   . . .        (no shield)
rNeg    . . .        a - melded +0 robe
rPois   +            (helmet currently unavailable)
rElec   .            (cloak currently unavailable)
rCorr   .            l - melded +0 pair of gloves
SInv    .            (boots unavailable)
Will    .....        (no amulet)
Stlth   ++           (no ring)
HPRegen 0.28/turn    (no ring)
MPRegen 0.11/turn

%: no passive effects
@: tree-form
A: stationary, stasis, torment immunity, boosted hp, (beak), (talons 3), nimble
flight
a: no special abilities


You were on level 4 of the Dungeon.
You were a tree.
You visited 1 branch of the dungeon, and saw 4 of its levels.

You collected 178 gold pieces.

Inventory:

Armour
 a - a +0 robe (melded)
 d - a +0 leather armour of cold resistance
 l - a +0 pair of gloves (melded)
Scrolls
 c - a scroll of identify {unknown}
 e - a scroll of teleportation {unknown}
 g - 2 scrolls of amnesia {unknown}
 j - a scroll of blinking {unknown}
 k - a scroll of fog {unknown}
Potions
 b - 2 potions of magic
 f - a potion of lignification
 h - a potion of curing {unknown}
 i - a potion of attraction {unknown}


   Skills:
 + Level 2.9 Fighting
 - Level 2.1 Dodging
 - Level 2.0 Stealth
 - Level 2.0 Spellcasting
 + Level 4.1 Conjurations
 + Level 5.6 Air Magic


You had 2 spell levels left.
You knew the following spells:

 Your Spells              Type           Power      Damage    Failure   Level
a - Shock                 Conj/Air       72%        1d7       2%          1
b - Static Discharge      Conj/Air       36%        2-4/arc   4%          2
c - Swiftness             Air            20%        N/A       5%          3

Your spell library contained the following spells:

 Spells                   Type           Power      Damage    Failure   Level
 Airstrike                Air            10%        2d(2-18)  19%         4


Dungeon Overview and Level Annotations

Branches:
Dungeon (4/15)
 Temple: D:4-7

Altars:
Nemelex Xobeh


Innate Abilities, Weirdness & Mutations

You are a tree.
Your roots penetrate the ground, keeping you stationary.
You cannot be teleported.
You are immune to unholy pain and torment.
Your maximum health is greatly increased.
Your equipment is partially melded.
((You have a beak for a mouth.))
((You have claws for feet.))
Your magical nature lets you fly swiftly and evasively.


Message History

Done exploring.
Done exploring.
Done exploring.
Done exploring.
Done exploring.
There is a stone staircase leading down here.
You fly downwards.
There is a stone staircase leading up here.
Found a sling.
An endoplasm comes into view.
The zap hits the endoplasm!
You kill the endoplasm!
You can't see any susceptible monsters within range! (Use Z to cast anyway.)
You can't see any susceptible monsters within range! (Use Z to cast anyway.)
A centaur comes into view.
The zap hits the centaur.
The centaur is lightly wounded.
The centaur shouts!
The centaur wields a +0 shortbow.
The centaur shoots an arrow.
The arrow hits you.
The zap hits the centaur.
The centaur is heavily wounded.
The centaur shoots an arrow.
The arrow hits you!
The centaur shoots an arrow.
The arrow hits you!
* * * LOW HITPOINT WARNING * * *
Really quaff the potion of lignification?
You turn into a tree.
Your +0 pair of gloves melds into your body.
Your +0 robe melds into your body.
Your roots penetrate the ground.
The centaur shoots an arrow.
The arrow hits you!
* * * LOW HITPOINT WARNING * * *
Casting: Shock (safe; 2% risk of failure)
Confirm with . or Enter, or press ? or * to list all spells.
Aiming: Shock (safe; 2% risk of failure)
Press: ? - help, Shift-Dir - straight line, f/p - centaur
Aim: a centaur, wielding a +0 shortbow (heavily wounded, 83% to hit)
The zap hits the centaur.
The centaur is heavily wounded.
The centaur shoots an arrow.
The arrow hits you.
You die...

..#.#.##.....#
#.#.#.#......#
#.#.#.#.#....#
##.#.#.#.#....#
#<.....#....#
##.......#..#
#..........#
....#.#......#
.......#♣...#....
.....###....#.....
..)... ....##.....
#......$.........#.
## ......### ##
........ ##.....c##
#.......


You could see a centaur.

Vanquished Creatures
  Terence (D:2)
  Robin (D:2)
  6 adders
  3 dart slugs
  7 orcs
  A ball python (D:1)
  4 bats
  7 endoplasms
  2 giant cockroaches (D:1)
  16 goblins
  12 hobgoblins
  2 jackals (D:2)
  4 quokkas
  2 frilled lizards (D:3)
  8 kobolds
  A rat (D:1)
77 creatures vanquished.

Notes
Turn   | Place    | Note
-------+----------+-------------------------------------------
     0 | D:1      | Essalna the Tengu Air Elementalist began the quest for the
                  | Orb.
     0 | D:1      | Reached XP level 1. HP: 10/10 MP: 4/4
   218 | D:1      | You fall into a shaft and drop 1 floor!
   259 | D:2      | Reached XP level 2. HP: 16/16 MP: 3/6
   296 | D:2      | Noticed Robin
   451 | D:2      | Reached skill level 1 in Fighting
   699 | D:2      | Reached XP level 3. HP: 14/20 MP: 1/7
   765 | D:2      | Killed Robin
  1433 | D:1      | Learned a level 2 spell: Static Discharge
  1437 | D:1      | Learned a level 3 spell: Swiftness
  1591 | D:1      | Reached XP level 4. HP: 26/26 MP: 6/8
  2001 | D:2      | Reached skill level 5 in Air Magic
  2447 | D:2      | Noticed Terence
  2582 | D:2      | Killed Terence
  2583 | D:2      | Gained mutation: Your magical nature lets you fly swiftly
                  | and evasively. [Tengu growth]
  2583 | D:2      | Reached XP level 5. HP: 30/31 MP: 4/9
  3004 | D:3      | Found a sparkling altar of Nemelex Xobeh.
  3796 | D:4      | Noticed a centaur
  3800 | D:4      | Shot with an arrow by a centaur

Illustrated notes

Levels and vault maps discovered:
D:1:      psy_arrival_wood_between_worlds, layout_loops_ring,
          chequers_serial_rivers_micro_b
D:2:      layout_loops_cross, uniq_robin, uniq_terence
D:3:      layout_rooms, nemelex_dance_club_becter
D:4:      layout_basic, temple_hall

Skill      XL: |  1  2  3  4  5 |
---------------+----------------+-----
Conjurations   | 2 3 4 |  4.1
Fighting       | 1 2 |  2.9
Air Magic      | 5 |  5.6
Dodging        | |  2.1
Stealth        | |  2.0
Spellcasting   | |  2.0

Action                     |  1- 3 |  4- 6 || total
---------------------------+-------+-------++-------
  Melee: Unarmed           |    11 |     5 ||    16
         Kick              |     6 |     2 ||     8
   Cast: Shock             |    81 |   113 ||   194
    Use: Potion            |       |     2 ||     2
 Armour: Robe              |     2 |     3 ||     5
         Skin              |       |     3 ||     3
  Dodge: Dodged            |    12 |    18 ||    30

Table legend: (Time is in decaauts)
 A = Elapsed time spent in this place.
 B = Non-inter-level travel time spent in this place.
 C = Inter-level travel time spent in this place.
 D = Time resting spent in this place.
 E = Time spent auto-exploring this place.
 F = Levels seen in this place.
 G = Mean time per level.
                   A        B        C        D        E       F      G
               +--------+--------+--------+--------+--------+-----+--------+
         Total |   3743 |   3629 |    114 |     54 |   3147 |   4 |  935.8 |
       Dungeon |   3743 |   3629 |    114 |     54 |   3147 |   4 |  935.8 |
               +--------+--------+--------+--------+--------+-----+--------+

Top non-repeatable levels by time:
     D:2: 1504 daAuts
     D:1: 1336 daAuts
     D:3: 877 daAuts
     D:4: 24 daAuts
